 Dungeon Crawl Stone Soup version 0.26-a0-639-g72c4674329 (webtiles) character file.

Game seed: 15322088021077495695

45 Gottschkopf the Skirmisher (level 3, -1/36 HPs)
             Began as a Minotaur Fighter on Sept 17, 2020.
             Slain by an adder (2 damage)
             ... on level 1 of the Dungeon.
             The game lasted 00:02:05 (1004 turns).

Gottschkopf the Skirmisher (Minotaur Fighter)       Turns: 1004, Time: 00:02:05

Health: -1/36      AC:  6    Str: 21    XL:     3   Next: 42%
Magic:  2/2        EV:  7    Int:  5    God:
Gold:   77         SH:  9    Dex:  9    Spells: 2/2 levels left

rFire    . . .     SeeInvis .   a - +0 flail
rCold    . . .     Faith    .   c - +0 kite shield
rNeg     . . .     Spirit   .   b - +0 scale mail
rPois    .         Reflect  .   (helmet restricted)
rElec    .         Harm     .   (no cloak)
rCorr    .         Rampage  .   (no gloves)
MR       .....                  (no boots)
Stlth    ..........             (no amulet)
HPRegen  0.12/turn              (no ring)
MPRegen  0.08/turn              (no ring)

@: brilliant, lethally poisoned (-1 -> -3)
A: retaliatory headbutt, horns 2
a: no special abilities


You were on level 1 of the Dungeon.
You visited 1 branch of the dungeon, and saw 2 of its levels.

You collected 77 gold pieces.

Inventory:

Hand Weapons
 a - a +0 flail (weapon)
Armour
 b - a +0 scale mail (worn)
 c - a +0 kite shield (worn)
Jewellery
 e - a cursed +4 ring of evasion {unknown}
 l - an uncursed ring of attention
 n - an uncursed ring of attention
Scrolls
 g - a scroll of fog {unknown}
Potions
 d - a potion of might
 j - a potion of haste {unknown}
 k - a potion of ambrosia {unknown}
 o - a potion of curing {unknown}


   Skills:
 + Level 5.5 Fighting
 - Level 2.4 Maces & Flails
 - Level 3.6 Armour
 - Level 3.6 Shields


You had 2 spell levels left.
You didn't know any spells.
Your spell library was empty.

Dungeon Overview and Level Annotations

Branches:
Dungeon (2/15)

Altars:


Innate Abilities, Weirdness & Mutations

You reflexively headbutt those who attack you in melee.
You have a pair of horns on your head.


Message History

You feel sick. You block the adder's attack.
You feel sick. The adder bites you but does no damage. The adder bites you.
* * * LOW HITPOINT WARNING * * *
You are more poisoned.
The adder poisons you!
You feel sick.
You feel sick.
There is a stone staircase leading up here.
You feel sick. The adder barely misses you. The adder bites you.
* * * LOW HITPOINT WARNING * * *
You climb upwards.
There is a stone staircase leading down here.
It was a potion of brilliance.
You feel clever all of a sudden.
* * * LOW HITPOINT WARNING * * *
You feel sick. The adder bites you.
You die...

#.##..##.....# #.# ###
#.###.###.<.## #.# ..##
#.##.^##.....# #.#
##.###.##..8##...#####.# ###
#.....##............(.# ##.##
##.######..8###############...##
..## #######.[..............#
### ##......#.####.###...## .#
#.....S@#.####># ##.## .#
#..>....#...)..# #.# .#
#.....#############.# .# #.....#
#...# .# #.....######## #.###
.####### #......#.....# #.#
.......###.#..........# #)#
.............).†......# #.#
.......##.##..........# #.#


You could see an adder.

Vanquished Creatures
  3 dart slugs (D:1)
  A giant cockroach (D:1)
  4 goblins (D:1)
  4 hobgoblins (D:1)
  4 jackals (D:1)
  A ball python (D:1)
  6 bats (D:1)
  2 frilled lizards (D:1)
  6 kobolds
  7 rats (D:1)
38 creatures vanquished.

Notes
Turn   | Place    | Note
-------+----------+-------------------------------------------
     0 | D:1      | Gottschkopf the Minotaur Fighter began the quest for the
                  | Orb.
     0 | D:1      | Reached XP level 1. HP: 19/19 MP: 0/0
    53 | D:1      | Reached skill level 4 in Fighting
   181 | D:1      | Reached XP level 2. HP: 28/28 MP: 1/1
   417 | D:1      | Reached skill level 5 in Fighting
   424 | D:1      | Reached XP level 3. HP: 34/36 MP: 2/2
  1004 | D:1      | HP: 1/36 [poisoned by an adder]
  1004 | D:1      | Slain by an adder

Illustrated notes

Levels and vault maps discovered:
D:1:      psy_arrival_basics, layout_loops_cross
D:2:      layout_loops_ring, chequers_serial_rivers_micro_b

Skill      XL: |  1  2 |
---------------+-------+-----
Fighting       | 4 5 |  5.5
Maces & Flails | |  2.4
Armour         | |  3.6
Shields        | |  3.6

Action                   || total
-------------------------++-------
Melee: Mace              ||    66
       Flail             ||     9
       Headbutt          ||     8
  Use: Scroll            ||     3
       Potion            ||     1
Armor: Scale mail        ||    43
Dodge: Dodged            ||    31
Block: Kite shield       ||    52

Table legend: (Time is in decaauts)
 A = Elapsed time spent in this place.
 B = Non-inter-level travel time spent in this place.
 C = Inter-level travel time spent in this place.
 D = Time resting spent in this place.
 E = Time spent auto-exploring this place.
 F = Levels seen in this place.
 G = Mean time per level.
                   A        B        C        D        E       F      G
               +--------+--------+--------+--------+--------+-----+--------+
         Total |   1027 |    990 |     37 |      0 |    773 |   2 |  513.5 |
       Dungeon |   1027 |    990 |     37 |      0 |    773 |   2 |  513.5 |
               +--------+--------+--------+--------+--------+-----+--------+

Top non-repeatable levels by time:
     D:1: 908 daAuts
     D:2: 119 daAuts
